 Dungeon Crawl Stone Soup version 0.32-a0-876-gcfddb08e57 (webtiles) character file.

Game seed: 239278217186803315

76 Bobbunny the Shooter (level 4, 0/35 HPs)
             Began as a Coglin Hunter on Apr 1, 2024.
             Killed by nerve-wracking pain
             ... invoked by an orc priest
              (8 damage)
             ... on level 3 of the Dungeon.
             The game lasted 00:01:26 (2339 turns).

Bobbunny the Shooter (Coglin Hunter)                Turns: 2339, Time: 00:01:27

Health: 0/35       AC:  5    Str: 11    XL:     4   Next: 32%
Magic:  4/4        EV: 11    Int:  8    God:
Gold:   181        SH:  0    Dex: 20    Spells: 3/3 levels left

rFire   . . .        a - +2 sling {Kendra}
rCold   . . .        d - +0 sling {Shu}
rNeg    . . .        c - +0 leather armour
rPois   .            m - +1 helmet
rElec   .            (no cloak)
rCorr   .            (no gloves)
SInv    .            (no boots)
Will    .....        (amulet unavailable)
Stlth   ++           (ring unavailable)
HPRegen 0.25/turn    (ring unavailable)
MPRegen 0.09/turn    (no gizmo)

%: no passive effects
@: revved
A: off-hand wielding, slow wielding, warmup strikes, no jewellery
a: Invent Gizmo, Convert to Beogh


You were on level 3 of the Dungeon.
You visited 1 branch of the dungeon, and saw 3 of its levels.

You collected 181 gold pieces.

Inventory:

Hand Weapons
 a - a +2 sling (weapon) {Kendra}
 d - a +0 sling (offhand) {Shu}
Missiles
 n - a throwing net
Armour
 c - a +0 leather armour (worn)
 m - a +1 helmet (worn)
Scrolls
 b - a scroll of butterflies
 g - a scroll of teleportation {unknown}
 j - a scroll of brand weapon {unknown}
 k - 3 scrolls of vulnerability
 l - 2 scrolls of identify
 p - a scroll of revelation {unknown}
 q - a scroll of immolation
Potions
 e - 2 potions of magic {unknown}
 f - a potion of attraction {unknown}
 h - a potion of mutation {unknown}
 i - a potion of lignification {unknown}
 o - 2 potions of curing {unknown}


   Skills:
 + Level 3.3 Fighting
 + Level 4.4 Ranged Weapons
 - Level 2.0 Dodging
 - Level 1.0 Stealth


You had 3 spell levels left.
You didn't know any spells.
Your spell library was empty.

Dungeon Overview and Level Annotations

Branches:
Dungeon (3/15)

Altars:

Shops:
D:1 (


Innate Abilities, Weirdness & Mutations

You can wield a second weapon in your off-hand.
It takes a long time for you to wield or remove held weapons.
Your first few attacks do less damage.
You cannot equip rings or amulets.


Message History

The orc priest shouts, "Beogh offers mercy even to people such as you.
Join us and be reborn!" (press Y on the ability menu to convert to Beogh)
As you read the scroll labelled OXAANOAL ROUGG, it crumbles to dust.
It is a scroll of identify.
k - 3 scrolls of vulnerability You shoot a sling bullet.
The sling bullet barely misses the orc.
You shoot a sling bullet. The sling bullet hits the orc!
You kill the orc!
The orc priest miscasts a cantrip.
Things that are here:
a +0 flail; an orc corpse Fire: a) +2 sling {Kendra}
Press: ? - help, Q - select action, (/) - cycle Shift-Dir - straight line, f - orc priest
Aim: an orc priest, wielding a +0 club and wearing a +0 leather armour (moderately wounded, 65% to hit)
You shoot a sling bullet. The sling bullet hits the orc priest.
The orc priest is heavily wounded.
You shoot a sling bullet. The sling bullet hits the orc priest.
The orc priest is almost dead.
The orc priest shouts, "Beogh offers mercy even to people such as you.
Join us and be reborn!"
Unknown command.
Fire: a) +2 sling {Kendra}
Press: ? - help, Q - select action, (/) - cycle Shift-Dir - straight line, f - orc priest
Aim: an orc priest, wielding a +0 morningstar (65% to hit)
You shoot a sling bullet. The sling bullet hits the orc priest.
The orc priest is moderately wounded.
You shoot a sling bullet. The sling bullet hits the orc priest.
The orc priest is severely wounded.
The orc priest calls down the wrath of Beogh upon you.
Pain shoots through your body!
* * * LOW HITPOINT WARNING * * *
The orc priest closely misses you.
Unknown command.
You shoot a sling bullet.
The sling bullet closely misses the orc priest.
You shoot a sling bullet.
The sling bullet closely misses the orc priest.
The orc priest threatens, "Beogh's wrath is as vast as their mercy.
Make your choice!"
The orc priest mumbles some strange prayers to Beogh against you.
Pain shoots through your body!
You die...

#......# #...#
#.#.....##.... #>######
#...# #.#......#.#..
### #...#
#.##.......#.# #..#####
#.####.#.....#
#......###......###.###
#######.##.......#
#.###
##.#####.##.#####.#
#....
#.....oo.......##.#
#####
.#.##..#@##.##.##.#
##o#######....# .g.
#.#### ....o #.#
......g #.# ..#####)o
### ... ... ... ...


You could see 2 orc priests.

Vanquished Creatures
  2 adders
  A dart slug (D:1)
  4 orcs (D:3)
  5 endoplasms
  3 giant cockroaches
  4 goblins
  A hobgoblin (D:1)
  7 jackals (D:1)
  2 quokkas
  3 ball pythons
  2 bats
  4 frilled lizards
  6 kobolds
  4 rats
48 creatures vanquished.

Notes
Turn   | Place    | Note
-------+----------+-------------------------------------------
     0 | D:1      | Bobbunny the Coglin Hunter began the quest for the Orb.
     0 | D:1      | Reached XP level 1. HP: 16/16 MP: 1/1
    52 | D:1      | Reached skill level 1 in Stealth
    77 | D:1      | Reached XP level 2. HP: 22/22 MP: 2/2
   334 | D:1      | Reached skill level 4 in Ranged Weapons
   334 | D:1      | Reached XP level 3. HP: 24/28 MP: 3/3
   515 | D:1      | Found Tehin's Antique Weapon Boutique.
  1916 | D:3      | Reached XP level 4. HP: 35/35 MP: 4/4
  2051 | D:3      | Found a faded altar of an unknown god.
  2339 | D:3      | Killed from afar by an orc priest

Illustrated notes

Levels and vault maps discovered:
D:1:      dpeg_arrival_simpleton_b, layout_loops_ring, serial_shops,
          nicolae_shop_peninsula
D:2:      layout_basic
D:3:      minmay_razor_zed, layout_loops_cross, amethyst_overflow_temple_binary,
          hellmonk_ecumenical_altar_blasted, kennysheep_generic_room_16

Skill      XL: |  1  2  3 |
---------------+----------+-----
Stealth        | 1 |  1.0
Dodging        | 2 |  2.0
Ranged Weapons | 4 |  4.4
Fighting       | 3 |  3.3

Action                     |  1- 3 |  4- 6 || total
---------------------------+-------+-------++-------
   Fire: Sling             |   140 |    68 ||   208
    Use: Scroll            |       |     1 ||     1
 Armour: Leather armour    |    18 |       ||    18
  Dodge: Dodged            |    15 |     1 ||    16

Table legend: (Time is in decaauts)
 A = Elapsed time spent in this place.
 B = Non-inter-level travel time spent in this place.
 C = Inter-level travel time spent in this place.
 D = Time resting spent in this place.
 E = Time spent auto-exploring this place.
 F = Levels seen in this place.
 G = Mean time per level.
                   A        B        C        D        E       F      G
               +--------+--------+--------+--------+--------+-----+--------+
         Total |   2363 |   2217 |    146 |     41 |   1944 |   3 |  787.7 |
       Dungeon |   2363 |   2217 |    146 |     41 |   1944 |   3 |  787.7 |
               +--------+--------+--------+--------+--------+-----+--------+

Top non-repeatable levels by time:
     D:1: 833 daAuts
     D:2: 787 daAuts
     D:3: 742 daAuts
